 Dungeon Sprint DCSS version 0.21-a0 (webtiles) character file.

8822 Eshaton the Bludgeoner (level 11, -11/107 HPs)
             Began as a Minotaur Fighter on May 19, 2017.
             Was a High Priest of Okawaru.
             Mangled by an orc knight
             ... wielding a +0 dire flail
              (33 damage)
             ... in the Dungeon (Sprint IX: "|||||||||||||||||||||||||||||").
             The game lasted 00:02:36 (1900 turns).

Eshaton the Bludgeoner (Minotaur Fighter)           Turns: 1900, Time: 00:02:36

Health: -11/107    AC: 14    Str: 28    XL:     11   Next: 14%
Magic:  17/18      EV: 18    Int:  5    God:    Okawaru [*****.]
Gold:   1250       SH: 16    Dex: 12    Spells: 10/10 levels left

rFire    . . .     SeeInvis .   a - +0 flail
rCold    . . .     Gourm    .   c - +0 shield
rNeg     . . .     Faith    .   q - +2 ring mail
rPois    .         Spirit   .   (helmet restricted)
rElec    .         Reflect  .   (no cloak)
rCorr    .         Harm     .   p - +0 pair of gloves
MR       .....     NoTele   +   C - +0 pair of boots
Stlth    ++........             (no amulet)
Regen    0.3/turn               s - +3 ring of dexterity
MPRegen  0.2/turn               r - +3 ring of strength

@: heroism
A: retaliatory headbutt, horns 2
a: Heroism, Finesse, Renounce Religion


You were in the Dungeon.
You worshipped Okawaru.
Okawaru was extremely pleased with you.
You were not hungry.

You visited 1 branch You collected 1250 gold pieces.

Inventory:

Hand Weapons
 a - a +0 flail (weapon)
Missiles
 y - 5 javelins of returning (quivered)
Armour
 c - a +0 shield (worn)
 p - a +0 pair of gloves (worn)
 q - a +2 ring mail (worn)
 C - a +0 pair of boots (worn)
Jewellery
 r - a +3 ring of strength (right hand)
 s - a +3 ring of dexterity (left hand)
 v - the ring "Rekkopim" {-Tele rC- rN++ SInv Stlth-}
   (You found it in the Dungeon)

   [ring of loudness]

   It makes you vulnerable to cold.
   It greatly protects you from negative energy.
   It lets you see invisible.
   It prevents most forms of teleportation.
   It makes you less stealthy.
Wands
 n - a wand of acid (4/15)
 w - a wand of enslavement (10/24)
Scrolls
 k - 4 scrolls of blinking
 l - 4 scrolls of remove curse
 m - 2 scrolls of amnesia
 u - 2 scrolls of identify
 x - a scroll of fear
Potions
 b - a potion of brilliance
 d - 2 potions of might
 e - 5 potions of curing
 g - 7 potions of heal wounds
 h - a potion of haste
 i - 4 potions of magic
 j - a potion of invisibility
 t - a potion of agility
Comestibles
 f - 13 bread rations
 A - 40 fruits
 B - 12 meat rations


   Skills:
 + Level 13.2(18.2) Fighting
 + Level 17.4(22.4) Maces & Flails
 + Level 12.3(17.3) Armour
 + Level 7.3(12.3) Dodging
 + Level 14.0(19.0) Shields
 * Level 11.1 Invocations


You had 10 spell levels left.
You didn't know any spells.

Dungeon Overview and Level Annotations

Branches:
Dungeon (1/1)

Altars:
Cheibriados
Dithmenos
Elyvilon
Fedhas
Gozag
Hepliaklqana
Kikubaaqudgha
Makhleb
Nemelex Xobeh
Okawaru
Qazlal
Ru
Sif Muna
Trog
Uskayaw
Vehumet
Wu Jian
Xom
Yredelemnul
Zin
The Shining One
Beogh
Jiyva
Lugonu

Shops:
D *[


Innate Abilities, Weirdness & Mutations

You reflexively headbutt those who attack you in melee.
You have a pair of horns on your head.


Message History

Okawaru is honoured by your kill.
Your base Shields skill increases to level 14!
The orc knight no longer looks unusually strong. x2
The orc knight closely misses you.
The orc knight roars a battlecry!
The orc knights go into a battle-frenzy!
Found Kinlusot's Assorted Antiques.
Things that are here:
an enchanted glaive; a plate armour; 50 gold pieces You closely miss the orc knight.
Your headbutt misses the orc knight.
The orc knight hits you with a dire flail!!
* * * LOW HITPOINT WARNING * * *
You hit the orc knight but do no damage.
Your headbutt misses the orc knight. You block the orc knight's attack.
You closely miss the orc knight. You headbutt the orc knight.
The orc knight is lightly wounded.
You bludgeon the orc knight!!
The orc knight is moderately wounded.
The orc knight hits you with a dire flail!!
You die...

▓.▓.▓.▓.▓
▓.▓.▓.▓.▓∩▓
▓.▓.▓.▓.▓.▓
▓.▓.▓.▓.▓∩▓
▓(▓.▓†▓.▓o▓
▓|▓.▓†▓.▓o▓
▓.▓.▓†▓.▓o▓
▓.▓.▓.▓.▓o▓
▓'▓.▓'▓.▓@▓
▓_▓.▓.▓.▓)▓
▓_▓.▓.▓.▓.▓
▓_▓.▓.▓.▓.▓
▓_▓.▓.▓.▓.▓
▓_▓.▓.▓.▓.▓
▓_▓.▓.▓.▓.▓
▓_▓.▓.▓.▓.▓
▓_▓.▓.▓.▓)▓


You could see 4 orc knights.

Vanquished Creatures
  A two-headed ogre (D)
  3 orc high priests (D)
  An orc knight (D)
  An orc sorcerer (D)
  4 spiny frogs (D)
  A rime drake (D)
  4 polar bears (D)
  A dream sheep (D)
  A blink frog (D)
  A wyvern (D)
  A water moccasin (D)
  3 porcupines (D)
  2 ice beasts (D)
  A sky beast (D)
  10 orc warriors (D)
  An ogre (D)
  5 black bears (D)
  A wolf (D)
  A centaur (D)
  3 crocodiles (D)
  3 bullfrogs (D)
  A scorpion (D)
  4 orc priests (D)
  An orc wizard (D)
  A worker ant (D)
  An adder (D)
  A shadow imp (D)
  A worm (D)
  A leopard gecko (D)
  10 orcs (D)
  A ball python (D)
  A giant cockroach (D)
  A quokka (D)
  A frilled lizard (D)
  2 rats (D)
76 creatures vanquished.

Notes
Turn   | Place    | Note
-------+----------+-------------------------------------------
     0 | D        | Eshaton the Minotaur Fighter began the quest for the Orb.
     0 | D        | Reached XP level 1. HP: 19/19 MP: 0/0
     5 | D        | Reached skill level 3 in Maces & Flails
     9 | D        | Reached skill level 4 in Maces & Flails
    22 | D        | Noticed an ogre
    22 | D        | Noticed an ice beast
    26 | D        | Reached skill level 5 in Maces & Flails
    26 | D        | Reached XP level 2. HP: 17/26 MP: 1/1
    31 | D        | Killed an ice beast
    31 | D        | Reached skill level 10 in Maces & Flails
    31 | D        | Reached XP level 3. HP: 30/31 MP: 2/2
    31 | D        | Reached XP level 4. HP: 38/39 MP: 3/3
    37 | D        | Killed an ogre
    37 | D        | Reached skill level 13 in Maces & Flails
    37 | D        | Reached XP level 5. HP: 45/45 MP: 4/4
    49 | D        | Found a roughly hewn altar of Beogh.
    49 | D        | Found a snail-covered altar of Cheibriados.
    49 | D        | Found a shadowy altar of Dithmenos.
    49 | D        | Found a white marble altar of Elyvilon.
    49 | D        | Found a blossoming altar of Fedhas.
    49 | D        | Found an opulent altar of Gozag.
    50 | D        | Found a hazy altar of Hepliaklqana.
    51 | D        | Found a viscous altar of Jiyva.
    52 | D        | Found an ancient bone altar of Kikubaaqudgha.
    53 | D        | Found a corrupted altar of Lugonu.
    54 | D        | Found a burning altar of Makhleb.
    55 | D        | Found a sparkling altar of Nemelex Xobeh.
    56 | D        | Found an iron altar of Okawaru.
    57 | D        | Found a stormy altar of Qazlal.
    58 | D        | Found a sacrificial altar of Ru.
    59 | D        | Found a deep blue altar of Sif Muna.
    60 | D        | Found a bloodstained altar of Trog.
    61 | D        | Found a hide-covered altar of Uskayaw.
    62 | D        | Found a radiant altar of Vehumet.
    63 | D        | Found an ornate altar of the Wu Jian Council.
    64 | D        | Found a shimmering altar of Xom.
    65 | D        | Found a basalt altar of Yredelemnul.
    66 | D        | Found a glowing silver altar of Zin.
    70 | D        | Became a worshipper of Warmaster Okawaru
    82 | D        | Found a glowing golden altar of the Shining One.
   134 | D        | Noticed a two-headed ogre
   134 | D        | Noticed a sky beast
   134 | D        | Noticed a centaur
   143 | D        | Killed a centaur
   143 | D        | Reached XP level 6. HP: 42/53 MP: 4/6
   146 | D        | Killed a sky beast
   146 | D        | Reached skill level 5 in Fighting
   146 | D        | Reached skill level 5 in Armour
   146 | D        | Reached skill level 5 in Shields
   151 | D        | Killed a two-headed ogre
   151 | D        | Reached * piety under Okawaru
   151 | D        | Reached ** piety under Okawaru
   151 | D        | Reached skill level 14 in Maces & Flails
   151 | D        | Reached skill level 1 in Dodging
   151 | D        | Reached skill level 5 in Invocations
   151 | D        | Reached XP level 7. HP: 52/68 MP: 4/10
   151 | D        | Reached XP level 8. HP: 56/74 MP: 4/11
   480 | D        | Got the ring "Rekkopim" {-Tele rC- rN++ SInv Stlth-}
   493 | D        | Noticed a spiny frog
   504 | D        | Killed a spiny frog
   504 | D        | Reached *** piety under Okawaru
   504 | D        | Reached skill level 15 in Maces & Flails
   504 | D        | Reached skill level 10 in Armour
   511 | D        | Noticed a spiny frog
   518 | D        | Reached XP level 9. HP: 28/85 MP: 11/13
   526 | D        | Reached skill level 10 in Shields
   529 | D        | Reached skill level 10 in Fighting
   536 | D        | Killed a spiny frog
   536 | D        | Reached **** piety under Okawaru
  1039 | D        | Noticed a rime drake
  1043 | D        | Noticed a spiny frog
  1045 | D        | Noticed a spiny frog
  1055 | D        | Killed a rime drake
  1061 | D        | Killed a spiny frog
  1061 | D        | Reached skill level 16 in Maces & Flails
  1065 | D        | Killed a spiny frog
  1065 | D        | Reached XP level 10. HP: 57/96 MP: 15/15
  1253 | D        | Reached ***** piety under Okawaru
  1267 | D        | Received a gift from Okawaru
  1437 | D        | Reached skill level 5 in Dodging
  1595 | D        | Noticed an orc high priest
  1607 | D        | Reached skill level 10 in Invocations
  1609 | D        | Noticed a soul eater
  1635 | D        | Noticed an orc sorcerer
  1635 | D        | Killed an orc high priest
  1635 | D        | Reached skill level 17 in Maces & Flails
  1652 | D        | Killed an orc sorcerer
  1652 | D        | Received a gift from Okawaru
  1871 | D        | Found Qij Xuas's Armour Boutique.
  1871 | D        | Noticed an orc knight
  1871 | D        | Noticed an orc knight
  1871 | D        | Noticed an orc knight
  1871 | D        | Noticed an orc high priest
  1871 | D        | Noticed an orc high priest
  1873 | D        | Noticed an orc knight
  1876 | D        | Noticed an orc knight
  1879 | D        | Killed an orc high priest
  1879 | D        | Reached XP level 11. HP: 86/106 MP: 14/18
  1884 | D        | Killed an orc high priest
  1895 | D        | Killed an orc knight
  1896 | D        | Found Kinlusot's Assorted Antiques.
  1900 | D        | Mangled by an orc knight

Vault maps used:
D:        linesprint

Skill      XL: |  1  2  3  4  5  6  7  8  9 10 11 |
---------------+----------------------------------+-----
Maces & Flails | 5 10 13 14 15 16 17 | 17.4
Fighting       | 4 8 9 11 12 13 | 13.2
Armour         | 4 8 10 11 12 | 12.3
Shields        | 4 7 9 11 13 14 | 14.0
Invocations    | 2 5 7 9 10 11 | 11.1
Dodging        | 1 3 6 7 |  7.3

Action                   |  1- 3 |  4- 6 |  7- 9 | 10-12 || total
-------------------------+-------+-------+-------+-------++-------
Melee: Flail             |    20 |    19 |    85 |   159 ||   283
       Headbutt          |     5 |     3 |    20 |    47 ||    75
Invok: Heroism           |       |       |     3 |     3 ||     6
Evoke: Wand              |       |     3 |       |       ||     3
  Use: Potion            |     1 |       |       |       ||     1
  Eat: Chunk             |       |       |       |     3 ||     3
Armor: Scale mail        |     7 |       |       |       ||     7
       Ring mail         |       |     2 |    10 |    24 ||    36
Dodge: Dodged            |     4 |     5 |    13 |    45 ||    67
Block: Shield            |     4 |     4 |    37 |    73 ||   118
